 Dungeon Crawl Stone Soup version 0.31.0-1-g2c135a0 (webtiles) character file.

Game seed: 6028017614625274345

251 jagoly the Chopper (level 6, 0/39 HPs)
             Began as a Gargoyle Monk on Jan 28, 2024.
             Slain by a hound (4 damage)
             ... on level 4 of the Dungeon.
             The game lasted 00:08:50 (1189 turns).

jagoly the Chopper (Gargoyle Monk)                  Turns: 1189, Time: 00:08:50

Health: 0/39       AC: 12    Str: 17    XL:     6   Next: 13%
Magic:  6/6        EV: 10    Int: 10    God:
Gold:   131        SH:  0    Dex: 12    Spells: 5/5 levels left

rFire   . . .        a - +0 hand axe
rCold   . . .        d - orb {light}
rNeg    + . .        w - +0 scale mail
rPois   ∞            (no helmet)
rElec   +            (no cloak)
rCorr   .            f - +0 pair of gloves
SInv    .            (no boots)
Will    .....        (no amulet) Stlth
                     (no ring)
HPRegen 0.26/turn    (no ring)
MPRegen 0.10/turn

%: no passive effects
@: glowing
A: sickness immunity, AC +4, negative energy resistance 1, electricity
resistance, torment resistance 1, petrification resistance
a: no special abilities


You were on level 4 of the Dungeon.
You visited 1 branch of the dungeon, and saw 4 of its levels.

You collected 131 gold pieces.

Inventory:

Hand Weapons
 a - a +0 hand axe (weapon)
 b - a +0 sling
Missiles
 e - 24 stones (quivered)
 s - 6 boomerangs
Armour
 d - an orb of light (worn)
 f - a +0 pair of gloves (worn)
 w - a +0 scale mail (worn)
Wands
 u - a wand of charming (9)
 v - a wand of light (4)
Scrolls
 g - 3 scrolls of fog {unknown}
 i - a scroll of immolation {unknown}
 j - 3 scrolls of enchant armour {unknown}
 l - a scroll of noise {unknown}
 m - 2 scrolls of identify {unknown}
 r - a scroll of silence {unknown}
 t - a scroll of revelation {unknown}
Potions
 c - a potion of ambrosia
 h - a potion of curing {unknown}
 o - a potion of haste {unknown}
 p - a potion of heal wounds {unknown}
 q - a potion of lignification {unknown}


   Skills:
 + Level 4.5 Fighting
 * Level 4.7 Axes
 + Level 2.5 Armour
 - Level 2.4 Dodging
 - Level 1.0 Stealth


You had 5 spell levels left.
You didn't know any spells.
Your spell library contained the following spells:

 Spells                   Type           Power      Damage    Failure   Level
 Slow                     Hex            0%         N/A       77%         1
 Confusing Touch          Hex            0%         N/A       98%         3
 Hailstorm                Conj/Ice       0%         3d5       98%         3
 Sigil of Binding         Hex            0%         N/A       98%         3
 Summon Ice Beast         Ice/Summ       0%         N/A       98%         3
 Vampiric Draining        Necr           0%         2d6       98%         3
 Sculpt Simulacrum        Ice/Alch       0%         N/A       100%        6


Dungeon Overview and Level Annotations

Branches:
Dungeon (4/15) Zot: 22784
 Temple: D:4-7

Altars:


Innate Abilities, Weirdness & Mutations

You are immune to sickness and miasma.
Your stone body is resilient. (AC +4)
You are immune to poison.
You resist negative energy. (rN+)
You are resistant to electric shocks. (rElec)
You are resistant to unholy torment.
You are immune to petrification.


Message History

The sling bullet closely misses the ball python.
The frilled lizard hisses angrily.
The ball python hisses angrily.
The sling bullet hits the frilled lizard.
You kill the frilled lizard!
An adder comes into view.
Something hits the plant.
The endoplasm hits something.
The ball python bites the plant.
The ball python grabs the plant.
The ball python constricts the plant.
The adder moves out of view.
The ball python bites the plant.
The ball python constricts the plant.
A nearby plant withers and dies.
The ball python loses its grip on the plant.
You shoot a sling bullet. The sling bullet barely misses the bat.
The sling bullet hits the ball python.
You kill the ball python!
The bat completely misses you.
You shoot a sling bullet. The sling bullet hits the goblin.
The goblin is severely wounded.
The bat closely misses you.
You shoot a sling bullet. The sling bullet barely misses the bat.
The sling bullet hits the goblin.
You kill the goblin!
The bat barely misses you. The bat misses you.
The bat hits you but does no damage. The bat barely misses you.
You shoot a sling bullet. The sling bullet barely misses the bat.
The sling bullet completely misses the ball python.
The sling bullet hits the endoplasm.
The endoplasm is almost dead.
The bat closely misses you.
The ball python bites you but does no damage.
The ball python grabs you. The ball python constricts you.
You shoot a sling bullet.
The sling bullet barely misses the ball python.
The sling bullet hits the endoplasm but does no damage.
The endoplasm is almost dead.
The ball python bites you but does no damage.
The ball python constricts you.
You shoot a sling bullet. The sling bullet hits the ball python.
You kill the ball python!
The bat completely misses you. The bat hits you but does no damage.
You shoot a sling bullet. The sling bullet barely misses the bat.
The sling bullet hits the endoplasm.
You kill the endoplasm!
The bat barely misses you.
You shoot a sling bullet.
The sling bullet closely misses the bat.
The bat barely misses you. The bat hits you but does no damage.
The bat closely misses you.
a - a +0 hand axe (weapon)
The bat closely misses you.
You hit the bat.
You kill the bat!
No target in view!
No target in view!
You see here a bat corpse.
You see here a +0 dagger.
You slash the adder!
The adder is severely wounded.
The adder closely misses you. The adder barely misses you.
You hit the adder.
The adder is almost dead.
The adder bites you but does no damage.
You slash the adder!
You kill the adder!
Your Fighting skill increases to level 4!
No target in view!
No target in view!
Found a short sword and 16 gold pieces.
You now have 59 gold pieces (gained 16).
Found 7 stones.
e - 22 stones (gained 7)
Found 6 gold pieces.
You now have 65 gold pieces (gained 6).
Found a stone staircase leading up.
Found a stone staircase leading down.
Found a murky purple potion.
There is a stone staircase leading up here.
You climb upwards.
There is a stone staircase leading down here.
You climb downwards.
There is a stone staircase leading up here.
There is a stone staircase leading down here.
You climb downwards.
There is a stone staircase leading up here.
There is a stone staircase leading up here.
You climb upwards.
There is a stone staircase leading down here.
A giant cockroach comes into view.
A giant cockroach is nearby!
A giant cockroach is nearby!
There are no items here.
You see here a murky purple potion.
q - a murky purple potion The giant cockroach closely misses you.
You hit the giant cockroach.
The giant cockroach is almost dead.
The giant cockroach bites you but does no damage.
The giant cockroach misses you.
You hit the giant cockroach.
You kill the giant cockroach!
There are no items here.
You see here a giant cockroach corpse.
Found a hand axe and a scroll labelled HOT FACVAUB.
r - a scroll labelled HOT FACVAUB You see here a +0 hand axe.
Found 6 boomerangs.
You see here 6 boomerangs.
s - 6 boomerangs A gnoll comes into view.
It is wielding a +0 club.
The gnoll shouts!
You hear a shout! x2 2 gnolls come into view.
The gnoll shouts! x2
A kobold comes into view. It is wielding a +0 dagger.
A ball python comes into view.
The kobold throws a stone.
The stone closely misses you.
The kobold throws a stone.
The stone misses you.
You hit the kobold.
The kobold is severely wounded.
The kobold closely misses you.
You hit the kobold.
You kill the kobold!
The ball python bites you but does no damage.
The ball python closely misses you.
You slash the ball python!
You kill the ball python!
You hit the gnoll.
The gnoll is moderately wounded.
The gnoll hits you but does no damage.
You barely miss the gnoll.
The gnoll is moderately wounded.
You hit the gnoll.
The gnoll is moderately wounded.
The gnoll misses you.
You hit the gnoll.
The gnoll is heavily wounded.
The gnoll barely misses you.
You slash the gnoll!
You kill the gnoll!
Your Axes skill increases to level 4!
You barely miss the gnoll.
The gnoll is moderately wounded.
The gnoll hits you with a +0 club.
You barely miss the gnoll.
The gnoll is moderately wounded.
The gnoll barely misses you.
You barely miss the gnoll.
The gnoll is moderately wounded.
The gnoll hits you with a +0 club.
You hit the gnoll but do no damage.
The gnoll is moderately wounded.
The gnoll completely misses you.
You hit the gnoll.
The gnoll is heavily wounded.
The gnoll closely misses you.
You hit the gnoll.
The gnoll is almost dead.
The gnoll closely misses you.
You hit the gnoll.
You kill the gnoll!
You barely miss the gnoll. The gnoll hits you with a +0 club.
You hit the gnoll.
The gnoll is heavily wounded.
The gnoll hits you with a +0 club!
* * * LOW HITPOINT WARNING * * *
You hit the gnoll.
The gnoll is heavily wounded.
The gnoll hits you but does no damage.
You barely miss the gnoll.
The gnoll is heavily wounded.
The gnoll hits you with a +0 club.
* * * LOW HITPOINT WARNING * * *
You hit the gnoll.
You kill the gnoll!
You have reached level 5!
e - 27 stones (gained 5)
Items here: )))) †.
Okay, then.
A gnoll comes into view. It is wielding a +0 halberd.
The gnoll shouts!
Items here: )))) †.
Press: ? - help, v - describe, . - travel
Here: a gnoll, wielding a +0 halberd The floor.
You are illuminated by a small divine halo.
You are glowing.
Your movement speed is average.
Your attack delay is about 1.0.
Your damage rating with your +0 hand axe is about 9 (Base 7 x 117% (Str) x 115% (Skill)).
Unknown command.
Unknown command.
Okay, then.
Throw: 27 stones
Press: ? - help, Q - select action, (/) - cycle Shift-Dir - straight line, f - gnoll
Aim: a gnoll, wielding a +0 halberd (60% to hit)
You throw a stone. The stone hits the gnoll.
The gnoll is lightly wounded.
Throw: 26 stones
Press: ? - help, Q - select action, (/) - cycle Shift-Dir - straight line, f/p - gnoll
Aim: a gnoll, wielding a +0 halberd (lightly wounded, haloed, 80% to hit)
You throw a stone.
The stone hits the gnoll but does no damage.
The gnoll is lightly wounded.
The gnoll misses you.
You hit the gnoll but do no damage.
The gnoll is lightly wounded.
The gnoll hits you but does no damage.
You slash the gnoll!
The gnoll is severely wounded.
The gnoll closely misses you.
You slash the gnoll!
You kill the gnoll!
You see here a +0 halberd.
HP restored.
Found 18 gold pieces.
You now have 83 gold pieces (gained 18).
Found a stone staircase leading up.
There is a stone staircase leading up here.
Your library has no spells.
You climb upwards.
There is a stone staircase leading down here.
You climb downwards.
There is a stone staircase leading up here.
You enter a dispersal trap!
You blink.
Found 13 gold pieces.
Found a stone staircase leading down.
You now have 96 gold pieces (gained 13).
There is a stone staircase leading down here.
You climb downwards.
The orc shouts!
The hobgoblin shouts!
You hear an angry hiss.
Found a scroll labelled WESELLYIJA.
There is a stone staircase leading up here.
An adder comes into view.
You hit the orc.
The orc is severely wounded.
The orc barely misses you.
You barely miss the orc.
The orc is severely wounded.
The orc hits you but does no damage.
You hit the orc but do no damage.
The orc is severely wounded.
The orc barely misses you. The orc hits you with a +0 falchion.
You hit the orc but do no damage.
The orc is severely wounded.
You hit the adder. The adder misses you. The orc hits you with a +0 falchion.
You hit the orc but do no damage.
The orc is severely wounded.
You hit the hobgoblin.
You kill the hobgoblin!
You hit the adder. The adder barely misses you.
The adder bites you but does no damage. The orc barely misses you.
You hit the orc.
The orc is almost dead.
You hit the adder.
You kill the adder!
The orc barely misses you.
You hit the orc.
You kill the orc!
Things that are here:
a +0 falchion; a +0 leather armour; an orc corpse
t - a scroll labelled WESELLYIJA
Found a curved iron wand.
An ogre comes into view. It is wielding a +0 giant spiked club.
Found an iron wand.
u - a wand of charming (10)
Aiming: Charm
Press: ? - help, Shift-Dir - straight line, f - ogre
Aim: an ogre, wielding a +0 giant spiked club (haloed, chance to affect: 49%)
Okay, then.
You see here a wand of light (5).
v - a wand of light (5)
The ogre attacks as it pursues you! The ogre misses you.
There is a stone staircase leading up here.
You climb upwards.
There is a stone staircase leading down here.
There is a stone staircase leading down here.
Found a stone staircase leading down.
There is a stone staircase leading down here.
You climb downwards.
The adder hisses angrily.
There is a stone staircase leading up here.
Found 25 gold pieces.
The adder misses you. The adder bites you but does no damage.
You hit the adder.
The adder is lightly wounded.
The adder bites you but does no damage.
You barely miss the adder.
The adder is lightly wounded.
The adder closely misses you. x2
You barely miss the adder.
The adder is lightly wounded.
The adder closely misses you.
You hit the adder.
The adder is moderately wounded.
The adder bites you but does no damage.
Aiming: Charm
Press: ? - help, Shift-Dir - straight line, f - adder
Aim: an adder (moderately wounded, haloed, chance to affect: 57%)
The adder is charmed.
What are your orders? t - Shout!
Orders for allies: a - Attack new target. p - Attack previous target. r - Retreat! s - Stop attacking. g - Guard the area. f - Follow me.
Anything else - Cancel.
Gang up on whom?
Press: ? - help, Dir - move target, f - ogre, p - adder
Aim: an ogre, wielding a +0 giant spiked club (haloed) Attack!
The ogre hits your adder with a +0 giant spiked club!!!
Your adder dies!
Your Armour skill increases to level 2!
You see here 25 gold pieces.
You now have 121 gold pieces (gained 25).
Aiming: Bolt of Light
Press: ? - help, Shift-Dir - straight line, f/p - ogre
Aim: an ogre, wielding a +0 giant spiked club (haloed, 91% to hit)
The bolt of light hits the ogre!
The ogre is moderately wounded.
The ogre is blinded.
The ogre closely misses you.
Cleave: a) +0 hand axe
Press: ? - help, Dir - move target, f/p - ogre
Aim: an ogre, wielding a +0 giant spiked club (moderately wounded, blind, unable to see you, haloed, about 6% to evade your +0 hand axe)
You hit the ogre.
The ogre is heavily wounded.
The ogre misses you.
Cleave: a) +0 hand axe
Press: ? - help, Dir - move target, f/p - ogre
Aim: an ogre, wielding a +0 giant spiked club (heavily wounded, blind, unable to see you, haloed, about 6% to evade your +0 hand axe)
You hit the ogre but do no damage.
The ogre is heavily wounded.
Cleave: a) +0 hand axe
Press: ? - help, Dir - move target, f/p - ogre
Aim: an ogre, wielding a +0 giant spiked club (heavily wounded, blind, unable to see you, haloed, about 6% to evade your +0 hand axe)
You hit the ogre.
The ogre is severely wounded.
The ogre barely misses you.
Cleave: a) +0 hand axe
Press: ? - help, Dir - move target, f/p - ogre
Aim: an ogre, wielding a +0 giant spiked club (severely wounded, blind, unable to see you, haloed, about 6% to evade your +0 hand axe)
You hit the ogre.
The ogre is almost dead.
The ogre barely misses you.
Cleave: a) +0 hand axe
Press: ? - help, Dir - move target, f/p - ogre
Aim: an ogre, wielding a +0 giant spiked club (almost dead, blind, unable to see you, haloed, about 6% to evade your +0 hand axe)
You slash the ogre!
You kill the ogre!
You have reached level 6!
Found 10 gold pieces.
Found a scale mail.
You now have 131 gold pieces (gained 10).
You see here a +0 scale mail.
You start removing your armour.
You continue taking off your +0 leather armour. x4
You finish taking off your +0 leather armour.
You start putting on your armour.
You continue putting on your +0 scale mail. x5
You finish putting on your +0 scale mail.
You drop a +0 leather armour.
You drop a +0 robe.
Found a scroll labelled NADWAH XEFFIHA.
m - 2 scrolls labelled NADWAH XEFFIHA (gained 1)
An iguana comes into view.
The iguana hisses angrily.
A quokka comes into view.
You barely miss the quokka.
The quokka bites you but does no damage.
You hit the iguana but do no damage. You hit the quokka.
The quokka closely misses you. The iguana closely misses you.
You hit the quokka but do no damage.
The quokka is moderately wounded.
You hit the iguana but do no damage. The quokka closely misses you.
The iguana misses you. The quokka bites you.
You slash the quokka!
You kill the quokka!
You hit the iguana but do no damage. The iguana barely misses you.
You hit the iguana.
The iguana is lightly wounded.
The iguana bites you!
You hit the iguana.
The iguana is heavily wounded.
The iguana bites you!
* * * LOW HITPOINT WARNING * * *
You are too injured to fight recklessly!
You are too injured to fight recklessly!
Cleave: a) +0 hand axe
Press: ? - help, Dir - move target, f - iguana
Aim: an iguana (heavily wounded, haloed, about 17% to evade your +0 hand axe)
You hit the iguana but do no damage.
The iguana is heavily wounded.
The iguana bites you.
* * * LOW HITPOINT WARNING * * *
Cleave: a) +0 hand axe
Press: ? - help, Dir - move target, f/p - iguana
Aim: an iguana (heavily wounded, haloed, about 17% to evade your +0 hand axe)
You barely miss the iguana.
The iguana is heavily wounded.
The iguana closely misses you.
Cleave: a) +0 hand axe
Press: ? - help, Dir - move target, f/p - iguana
Aim: an iguana (heavily wounded, haloed, about 17% to evade your +0 hand axe)
You hit the iguana.
The iguana is heavily wounded.
The iguana bites you but does no damage.
Cleave: a) +0 hand axe
Press: ? - help, Dir - move target, f/p - iguana
Aim: an iguana (heavily wounded, haloed, about 17% to evade your +0 hand axe)
You hit the iguana.
The iguana is almost dead.
The iguana bites you but does no damage.
Cleave: a) +0 hand axe
Press: ? - help, Dir - move target, f/p - iguana
Aim: an iguana (almost dead, haloed, about 17% to evade your +0 hand axe)
You hit the iguana but do no damage.
The iguana is almost dead.
The iguana barely misses you. The iguana bites you!
* * * LOW HITPOINT WARNING * * *
Cleave: a) +0 hand axe
Press: ? - help, Dir - move target, f/p - iguana
Aim: an iguana (almost dead, haloed, about 17% to evade your +0 hand axe)
You hit the iguana.
You kill the iguana!
Found a book of the Tundra.
You pick up a book of the Tundra and begin reading...
You add the spells Hailstorm, Summon Ice Beast and Sculpt Simulacrum to your library.
Found a book of Debilitation.
A hound comes into view.
Found a leather armour.
Found an escape hatch in the floor.
You see here a book of Debilitation.
You pick up a book of Debilitation and begin reading...
You add the spells Slow, Sigil of Binding, Vampiric Draining and Confusing Touch to your library.
Press: ? - help, v - describe, . - travel
Here: a hound (haloed)
The floor.
Okay, then.
Throw: 25 stones
Press: ? - help, Q - select action, (/) - cycle Shift-Dir - straight line, f - hound
Aim: a hound (haloed, 64% to hit)
You throw a stone.
The stone hits the hound but does no damage.
The hound completely misses you.
Cleave: a) +0 hand axe
Press: ? - help, Dir - move target, f/p - hound
Aim: a hound (haloed, about 30% to evade your +0 hand axe)
You hit the hound but do no damage. The hound bites you but does no damage.
Cleave: a) +0 hand axe
Press: ? - help, Dir - move target, f/p - hound
Aim: a hound (haloed, about 30% to evade your +0 hand axe)
You closely miss the hound. The hound barely misses you.
The hound closely misses you.
Cleave: a) +0 hand axe
Press: ? - help, Dir - move target, f/p - hound
Aim: a hound (haloed, about 30% to evade your +0 hand axe)
You completely miss the hound. The hound bites you.
* * * LOW HITPOINT WARNING * * *
Cleave: a) +0 hand axe
Press: ? - help, Dir - move target, f/p - hound
Aim: a hound (haloed, about 30% to evade your +0 hand axe)
You closely miss the hound. The hound closely misses you. x2
Cleave: a) +0 hand axe
Press: ? - help, Dir - move target, f/p - hound
Aim: a hound (haloed, about 30% to evade your +0 hand axe)
You hit the hound.
The hound is moderately wounded.
The hound bites you but does no damage. The hound bites you.
* * * LOW HITPOINT WARNING * * *
Cleave: a) +0 hand axe
Press: ? - help, Dir - move target, f/p - hound
Aim: a hound (moderately wounded, haloed, about 30% to evade your +0 hand axe)
You closely miss the hound.
The hound is moderately wounded.
The hound bites you but does no damage.
Cleave: a) +0 hand axe
Press: ? - help, Dir - move target, f/p - hound
Aim: a hound (moderately wounded, haloed, about 30% to evade your +0 hand axe)
You hit the hound.
The hound is heavily wounded.
The hound bites you.
* * * LOW HITPOINT WARNING * * *
The hound barely misses you.
Cleave: a) +0 hand axe
Press: ? - help, Dir - move target, f/p - hound
Aim: a hound (heavily wounded, haloed, about 30% to evade your +0 hand axe)
You hit the hound but do no damage.
The hound is heavily wounded.
The hound bites you but does no damage.
Cleave: a) +0 hand axe
Press: ? - help, Dir - move target, f/p - hound
Aim: a hound (heavily wounded, haloed, about 30% to evade your +0 hand axe)
You hit the hound.
The hound is heavily wounded.
The hound closely misses you. The hound barely misses you.
Cleave: a) +0 hand axe
Press: ? - help, Dir - move target, f/p - hound
Aim: a hound (heavily wounded, haloed, about 30% to evade your +0 hand axe)
You hit the hound.
The hound is almost dead.
The hound bites you.
* * * LOW HITPOINT WARNING * * *
The hound bites you.
You die...

#.........................
#......##.....#.######.....#
# #......##.....#.# .....#
####....†........+.# .....#
)................### ......
.................#
.............###.#
####+######### #.#######
####.# #@h...... #....######
#........
#.........######........
#.......................
...........# .......[.
...........# ..........
###.##.###O# ..........
..#.##.###.# #.........>
#.#....#...#


You could see a hound.

Vanquished Creatures
  An ogre (D:4)
  An iguana (D:4)
  4 gnolls (D:3)
  6 adders
  An orc (D:4)
  8 ball pythons
  2 bats
  2 endoplasms
  3 giant cockroaches
  3 goblins
  3 hobgoblins
  7 jackals
  3 quokkas
  3 frilled lizards
  2 kobolds
  2 rats (D:2)
51 creatures vanquished.

Vanquished Creatures (others)
  An adder (D:4)
1 creature vanquished.

Grand Total: 52 creatures vanquished

Notes
Turn   | Place    | Note
-------+----------+-------------------------------------------
     0 | D:1      | jagoly the Gargoyle Monk began the quest for the Orb.
     0 | D:1      | Reached XP level 1. HP: 14/14 MP: 1/1
    83 | D:1      | Reached XP level 2. HP: 17/19 MP: 2/2
   140 | D:1      | Reached skill level 1 in Stealth
   382 | D:2      | Reached XP level 3. HP: 22/24 MP: 3/3
   489 | D:2      | Reached skill level 1 in Armour
   489 | D:2      | Reached XP level 4. HP: 21/29 MP: 4/4
   745 | D:3      | Reached XP level 5. HP: 12/33 MP: 5/5
   935 | D:4      | Noticed an ogre
  1096 | D:4      | Killed an ogre
  1097 | D:4      | Reached XP level 6. HP: 39/39 MP: 6/6
  1189 | D:4      | Slain by a hound

Illustrated notes

Levels and vault maps discovered:
D:1:      psy_arrival_spokes, layout_basic
D:2:      layout_loops_ring, minivault_19
D:3:      layout_loops_ring, shapermc_ecumenical_altar_hornbeckon,
          serial_bayou_pond_b
D:4:      layout_basic, uniq_grinder

Skill      XL: |  1  2  3  4  5 |
---------------+----------------+-----
Axes           | 3 4 |  4.7
Stealth        | 1 |  1.0
Armour         | 1 2 |  2.5
Fighting       | 4 |  4.5
Dodging        | |  2.4

Action                     |  1- 3 |  4- 6 || total
---------------------------+-------+-------++-------
  Melee: Hand axe          |   104 |    76 ||   180
   Fire: Sling             |       |    13 ||    13
  Throw: Stone             |       |     3 ||     3
  Evoke: Wand              |       |     2 ||     2
 Armour: Robe              |    42 |       ||    42
         Leather armour    |    32 |    24 ||    56
         Scale mail        |       |    17 ||    17
  Dodge: Dodged            |    71 |    64 ||   135
